 Dungeon Crawl Stone Soup version 0.28-a0-796-gd4f0d3f9b2 (webtiles) character file.

Game seed: 13088503009244383774

7 Gargoyl the Skirmisher (level 2, 0/29 HPs)
             Began as a Gnoll Abyssal Knight on Nov 6, 2021.
             Was an Initiate of Lugonu.
             Succumbed to a goblin's poison
             ... on level 1 of the Dungeon.
             The game lasted 00:00:45 (299 turns).

Gargoyl the Skirmisher (Gnoll Abyssal Knight)        Turns: 299, Time: 00:00:46

Health: 0/29       AC:  7    Str: 12    XL:     2   Next: 4%
Magic:  5/5        EV:  9    Int:  9    God:    Lugonu [......]
Gold:   34         SH:  0    Dex: 12    Spells: 1/1 levels left

rFire   . . .      SeeInvis +   a - +2 hand axe
rCold   . . .      Faith    .   (no shield)
rNeg    . . .      Spirit   .   d - +0 scale mail
rPois   .          Reflect  .   (no helmet)
rElec   .          Harm     .   (no cloak)
rCorr   .          Rampage  .   (no gloves)
Will    .....                   (no boots)
Stlth   ..........              (no amulet)
HPRegen 0.09/turn               c - ring of see invisible
MPRegen 0.09/turn               (no ring)

@: lethally poisoned (0 -> -1)
A: fangs 1, strong nose, distributed training
a: Renounce Religion


You were on level 1 of the Dungeon.
You worshipped Lugonu.
Lugonu was noncommittal.
You visited 1 branch of the dungeon, and saw 1 of its levels.
You visited the Abyss 1 time.

You collected 34 gold pieces.

Inventory:

Hand Weapons
 a - a +2 hand axe (weapon)
Armour
 b - a +0 leather armour
 d - a +0 scale mail (worn)
Jewellery
 c - a ring of see invisible (left hand)


   Skills:
 + Level 6.4 Fighting
 + Level 0.2 Short Blades
 + Level 0.2 Long Blades
 + Level 4.4 Axes
 + Level 0.2 Maces & Flails
 + Level 0.2 Polearms
 + Level 0.2 Staves
 + Level 0.2 Slings
 + Level 0.2 Bows
 + Level 0.2 Crossbows
 + Level 0.2 Throwing
 + Level 4.4 Armour
 + Level 2.4 Dodging
 + Level 0.2 Stealth
 + Level 0.2 Shields
 + Level 0.2 Unarmed Combat
 + Level 0.2 Spellcasting
 + Level 0.1 Conjurations
 + Level 0.1 Hexes
 + Level 0.1 Summonings
 + Level 0.1 Necromancy
 + Level 0.1 Translocations
 + Level 0.1 Transmutations
 + Level 0.1 Fire Magic
 + Level 0.1 Ice Magic
 + Level 0.1 Air Magic
 + Level 0.1 Earth Magic
 + Level 0.1 Poison Magic
 + Level 4.4 Invocations
 + Level 0.2 Evocations


You had one spell level left.
You didn't know any spells.
Your spell library was empty.

Dungeon Overview and Level Annotations

Branches:
Dungeon (1/15)

Altars:


Innate Abilities, Weirdness & Mutations

You have very sharp teeth.
Your uncanny sense of smell can sniff out nearby items.
Your experience applies equally to all skills.


Message History

The goblin hits you with a +1 dagger of venom.
You are lethally poisoned!
You hit the dart slug.
You bite the dart slug, but do no damage.
The dart slug is severely wounded.
You hit the goblin.
You feel very sick. The goblin hits you but does no damage.
The dart slug closely misses you.
You hit the dart slug but do no damage. You bite the dart slug.
The dart slug is severely wounded.
You hit the goblin.
You feel very sick. The goblin barely misses you.
The dart slug barely misses you.
Unknown command.
You hit the dart slug.
You kill the dart slug!
Lugonu accepts your kill.
You hit the goblin.
You feel very sick. The goblin barely misses you.
You hit the goblin.
You kill the goblin!
Lugonu accepts your kill.
* * * LOW HITPOINT WARNING * * *
You feel sick.
You have reached level 2!
You aren't carrying any potions.
* * * LOW HITPOINT WARNING * * *
You feel sick.
* * * LOW HITPOINT WARNING * * *
You feel sick.
* * * LOW HITPOINT WARNING * * *
You feel sick.
* * * LOW HITPOINT WARNING * * *
You feel sick.
Unknown command.
* * * LOW HITPOINT WARNING * * *
You feel sick.
Unknown command.
You die...

#..# #.#
#.#..##### #..#
#.####)........
#..#
#.........# ∆
#..#
########.##
#..# #.# #..#
#.# #.#
#.#####.##
#.@.......
#######..#


There were no monsters in sight!

Vanquished Creatures
  A dart slug (D:1)
  A giant cockroach (D:1)
  2 goblins (D:1)
  A rat (D:1)
5 creatures vanquished.

Notes
Turn   | Place    | Note
-------+----------+-------------------------------------------
     0 | Abyss:1  | Gargoyl the Gnoll Abyssal Knight began the quest for the
                  | Orb.
     0 | Abyss:1  | Reached XP level 1. HP: 23/23 MP: 3/3
    62 | Abyss:1  | Noticed a large abomination
   154 | Abyss:2  | Noticed a spatial vortex
   155 | Abyss:2  | Noticed a spatial maelstrom
   159 | Abyss:2  | Noticed a spatial vortex
   161 | Abyss:2  | Noticed a spatial vortex
   164 | D:1      | Escaped the Abyss
   294 | D:1      | Reached XP level 2. HP: 6/29 MP: 5/5
   298 | D:1      | HP: 1/29 [poisoned by a goblin]
   299 | D:1      | Succumbed to a goblin's poison

Illustrated notes

Levels and vault maps discovered:
D:1:      dpeg_arrival_ternary, layout_loops_ring

Action                   || total
-------------------------++-------
Melee: Hand axe          ||    14
       Bite              ||     2
Invok: Depart the Abyss  ||     1
  Use: Scroll            ||     1
Armor: Scale mail        ||     8
Dodge: Dodged            ||     9

Table legend: (Time is in decaauts)
 A = Elapsed time spent in this place.
 B = Non-inter-level travel time spent in this place.
 C = Inter-level travel time spent in this place.
 D = Time resting spent in this place.
 E = Time spent auto-exploring this place.
 F = Levels seen in this place.
 G = Mean time per level.
                   A        B        C        D        E       F      G
               +--------+--------+--------+--------+--------+-----+--------+
         Total |    299 |    299 |      0 |      0 |    175 |   3 |   99.7 |
       Dungeon |    135 |    135 |      0 |      0 |     70 |   1 |  135.0 |
         Abyss |    163 |    163 |      0 |      0 |    105 |   2 |   81.5 |
               +--------+--------+--------+--------+--------+-----+--------+

Top non-repeatable levels by time:
     D:1: 135 daAuts
 Abyss:1: 107 daAuts
 Abyss:2: 56 daAuts
